 Dungeon Crawl Stone Soup version 0.16.2-12-gd0ad4c3 (webtiles) character file.

232473 faibistes the Eclecticist (level 18, -2/107 HPs)
             Began as a Deep Elf Wizard on Nov 20, 2018.
             Was the Champion of Sif Muna.
             Slain by a ghost moth (11 damage)
             ... on level 5 of the Spider Nest on Nov 21, 2018.
             The game lasted 04:05:21 (76377 turns).

faibistes the Eclecticist (Deep Elf Wizard)        Turns: 76377, Time: 04:05:22

Health: -2/107     AC: 13    Str:  4      XL:     18   Next: 82%
Magic:  6/51       EV: 18    Int: 29 (32) God:    Sif Muna [******]
Gold:   1818       SH:  0    Dex: 15      Spells: 13 memorised, 1 level left

rFire  . . .     SeeInvis .     w - staff of earth
rCold  . . .     Clarity  .     u - +2 robe {MR+}
rNeg   . . .     SustAb   .     (no shield)
rPois  +         Gourm    .     b - +0 hat (curse)
rElec  .         Spirit   .     S - +2 cloak
rCorr  +         Warding  .     y - +2 pair of gloves
rMut   .         Stasis   .     c - +2 pair of boots
MR     ++...                    A - amulet of resist corrosion (curse)
Stlth  +++.......               E - ring of poison resistance
                                J - ring of magical power

@: lethally poisoned (-2 -> -38), very slightly contaminated, deflect missiles,
invisible, very resistant to hostile enchantments, fairly stealthy
A: talons 1, thin skeletal structure 1, mutation resistance 1
a: Channel Energy, Forget Spell, Renounce Religion
}: 1/15 runes: decaying


You were on level 5 of the Spider Nest.
You worshipped Sif Muna.
Sif Muna was exalted by your worship.
You were hungry.

You visited 7 branches of the dungeon, and saw 40 of its levels.

You collected 3894 gold pieces.
You spent 2076 gold pieces at shops.

Inventory:

Hand weapons
 O - the +8 spear "Jyneb" {holy, Dex+5}
   (You found it on level 2 of the Lair of Beasts)

   It has been blessed by the Shining One to cause great damage to the undead
   and demons.
   It affects your dexterity (+5).
Armour
 b - a cursed +0 hat (worn)
 c - a +2 pair of boots (worn)
 u - a +2 robe of magic resistance (worn)
 y - a +2 pair of gloves (worn)
 S - a +2 cloak (worn)
Magical staves
 w - an uncursed staff of earth (weapon)
Rods
 z - a +5 rod of destruction (13/13)
   (You found it on level 11 of the Dungeon)
Jewellery
 A - a cursed amulet of resist corrosion (around neck)
 B - an uncursed ring of flight
 E - a ring of poison resistance (right hand)
 H - an uncursed ring of wizardry
 J - a ring of magical power (left hand)
Magical devices
 a - a wand of teleportation (3)
 f - a wand of confusion (34)
 i - a wand of fire (8)
 m - a wand of digging (6)
 q - a wand of invisibility (4)
 x - a wand of teleportation (4)
 C - a wand of disintegration (15)
 G - a wand of polymorph (17)
 K - a wand of enslavement (11)
 M - a wand of fireball (2)
 T - a wand of heal wounds (3)
 V - a wand of draining (8)
 Y - a wand of digging (18)
 Z - a wand of lightning (2)
Scrolls
 o - 2 scrolls of immolation
 p - 10 scrolls of remove curse
 s - 10 scrolls of recharging
 v - 5 scrolls of teleportation
 D - a scroll of fog
 I - 8 scrolls of identify
 N - 4 scrolls of magic mapping
 Q - a scroll of fear
 U - a scroll of summoning
 X - 4 scrolls of blinking
Potions
 e - 3 potions of ambrosia
 g - 8 potions of curing
 h - 4 potions of resistance
 k - a potion of haste
 l - 4 potions of restore abilities
 n - 5 potions of flight
 r - 6 potions of brilliance
 F - 2 potions of cancellation
 L - a potion of magic
Miscellaneous
 R - a phial of floods
Comestibles
 d - 18 bread rations
 j - 16 meat rations


   Skills:
 + Level 10.1 Fighting
 - Level 4.0 Staves
 - Level 10.0 Dodging
 - Level 2.4 Stealth
 * Level 19.6 Spellcasting
 * Level 14.1 Conjurations
 - Level 10.0 Charms
   Level 1.1 Summonings
 - Level 7.0 Translocations
   Level 3.1 Transmutations
 * Level 14.1 Fire Magic
 * Level 0.9 Ice Magic
 - Level 3.0 Air Magic
 * Level 14.3 Earth Magic
 - Level 2.0 Poison Magic
 - Level 10.3 Invocations
 - Level 9.4 Evocations


You had one spell level left.
You knew the following spells:

 Your Spells              Type           Power        Failure   Level  Hunger
a - Magic Dart            Conj           ####         0%          1    None
b - Conjure Flame         Conj/Fire      #######.     0%          3    None
c - Iskenderun's Battles  Conj/Chrm      #######.     1%          5    None
d - Blink                 Tloc           N/A          1%          2    None
e - Mephitic Cloud        Conj/Pois/Air  ####....     1%          3    None
f - Deflect Missiles      Chrm/Air       ####......   17%         6    None
g - Freezing Cloud        Conj/Ice/Air   ####......   21%         6    None
h - Haste                 Chrm           ######..     4%          6    None
i - Dazzling Spray        Conj/Hex       ######..     1%          3    None
j - Iron Shot             Conj/Erth      ########..   1%          6    None
v - Bolt of Fire          Conj/Fire      #######...   1%          6    None
x - Force Lance           Conj/Tloc      ######..     1%          4    None
z - Iskenderun's Mystic   Conj           #######.     1%          4    None


Dungeon Overview and Level Annotations

Branches:
Dungeon (15/15)            Temple (1/1) D:7            Lair (8/8) D:8
  Swamp (5/5) Lair:4       Spider (5/5) Lair:3        Slime (0/6) Lair:7
    Orc (4/4) D:9             Elf (2/3) Orc:3        Vaults (0/5) D:14
 Depths (0/5) D:15

Altars:
Ashenzari
Cheibriados
Dithmenos
Elyvilon
Fedhas
Gozag
Kikubaaqudgha
Makhleb
Nemelex Xobeh
Okawaru
Qazlal
Ru
Sif Muna
Trog
Vehumet
Xom
Yredelemnul
Zin
The Shining One

Shops:
D:9 [   D:11 [   Orc:3 ?}}   Orc:4 !}%?


Innate Abilities, Weirdness & Mutations

You have sharp toenails.
You have a somewhat thin skeletal structure (Dex +2, Stealth).
You are somewhat resistant to further mutation.


Message History

Confirm with . or Enter, or press ? or * to list all spells.
Aiming: Freezing Cloud
Press: ? - help, Dir - move target cursor, f - worker ant
Aim: a worker ant (hasn't noticed you)
You feel a numb sensation.
You miscast Freezing Cloud.
Sif Muna protects you from the effects of your miscast!
The worker ant twitches its antennae in your direction.
* * * LOW HITPOINT WARNING * * *
You feel very sick. Something closely misses you. x3
A worker ant and a soldier ant come into view.
Use which ability? (? or * to list)
You channel some magical energy.
You feel somewhat more hungry.
* * * LOW HITPOINT WARNING * * *
You feel very sick. Something barely misses you. Something closely misses you.
Something barely misses you. Something hits you!
* * * LOW HITPOINT WARNING * * *
Something hits you!
You die...

............<.#
..............##
.......#....^..#
.........#....## .
...............# .a.
...^#...#^.....# ###a..
...............# .#^.#
#...........^.########†..#
^..^..#..#....^.@.a††#†''#
.....#...^.#..######a†a.a#
...^.........## #######
............##
........#...#
............#
....^.......#
....".#.....#
.......#....#


You could see a soldier ant (wandering) and 3 worker ants.

Vanquished Creatures
  A bone dragon (Swamp:5)
  A deep elf blademaster (Elf:2)
  Kirke (Spider:3)
  3 thorn hunters
  2 deep elf sorcerers (Elf:1)
  An emperor scorpion (Spider:5)
  A dire elephant (Lair:8)
  An ettin (D:15)
  A deep elf death mage (Elf:2)
  5 vault guards (D:14)
  A fire dragon (D:11)
  Fannar (Elf:1)
  A deep elf high priest (Elf:1)
  22 hydras
  5 centaur warriors
  4 ghost crabs
  2 catoblepae
  8 alligators
  13 dancing weapons (Elf:2)
  21 death yaks
  A deep troll shaman (Lair:8)
  5 orc high priests
  A hell knight (D:15)
  A fire crab (Lair:2)
  14 deep elf knights
  An unseen horror (D:10)
  4 spectral hydras (Swamp:5)
  5 orc knights
  4 swamp dragons
  6 deep elf summoners
  A shambling mangrove (Swamp:3)
  Erolcha (D:9)
  12 hill giants
  11 orc sorcerers
  9 deep elf conjurers
  3 ugly things (Swamp:1)
  2 wolf spider zombies (D:15)
  17 wolf spiders
  24 orb spiders
  A griffon (Lair:7)
  21 slime creatures
  2 phantasmal warriors (Swamp:5)
  3 cyclopes
  4 moths of wrath
  27 elephants
  A hornet (Swamp:4)
  27 spiny frogs
  16 komodo dragons
  3 centaur zombies
  A gargoyle (D:9)
  3 black mambas
  2 yaktaurs
  A queen ant (Spider:5)
  3 swamp worm zombies (Swamp:5)
  2 kobold demonologists
  12 demonic crawlers
  3 efreet (D:15)
  3 trolls
  10 deep elf priests
  A fire drake (Lair:5)
  4 hydra zombies (Swamp:5)
  A queen bee (Lair:6)
  A fire vortex (Lair:6)
  2 polar bears (Lair:8)
  5 alligator zombies (Swamp:5)
  8 giant leeches
  4 blink frogs (Lair:5)
  A trapdoor spider zombie (D:12)
  A spectral swamp dragon (Swamp:5)
  12 ravens
  2 boulder beetles
  14 bog bodies
  26 jumping spiders
  9 trapdoor spiders
  2 basilisks
  24 tarantellas
  52 yaks
  3 two-headed ogres
  45 redbacks
  22 deep elf magi
  A wyvern (D:15)
  2 wraiths
  A hill giant zombie (D:9)
  4 spriggans
  A steam dragon (D:10)
  Eustachio (D:9)
  12 hippogriffs
  3 hogs (Spider:3)
  5 shadows
  3 hungry ghosts
  A human (shapeshifter) (D:15)
  A mottled dragon (D:13)
  26 insubstantial wisps
  11 soldier ants
  30 swamp worms
  27 wolves
  27 deep elf fighters
  51 vampire mosquitoes
  A spectral spiny frog (Swamp:4)
  3 wargs
  24 water moccasins
  23 spiders
  2 sky beasts
  11 ogres
  11 ice beasts
  6 wasps
  2 swamp dragon zombies (Swamp:5)
  An eye of draining (D:12)
  12 porcupines
  9 swamp drakes
  12 phantoms
  A boring beetle (Spider:4)
  34 orc warriors
  Sigmund (D:6)
  A brain worm (D:15)
  11 crocodiles
  9 centaurs
  20 giant frogs
  A lost soul (Elf:2)
  A wyvern zombie (D:11)
  4 troll zombies (D:9)
  A water moccasin zombie (D:5)
  8 wights
  11 scorpions
  27 killer bees
  3 electric eels
  2 giant frog zombies
  4 goliath beetles
  3 centaur skeletons
  9 crimson imps
  20 hounds
  7 jellies
  A gnoll shaman (D:5)
  26 orc priests
  8 iguanas
  33 orc wizards
  3 giant frog skeletons
  2 hell rats
  29 worker ants
  2 spectral swamp drakes (Swamp:5)
  Ijyb (D:6)
  3 ogre zombies (D:9)
  2 mummies
  3 hound zombies
  2 hound skeletons
  8 gnolls
  58 river rats
  A swamp drake zombie (Swamp:5)
  A worker ant zombie (D:7)
  5 giant mites
  26 adders
  5 shadow imps
  A white imp (D:9)
  2 worms
  2 adder skeletons
  9 giant geckos
  4 oozes
  204 orcs
  A bat skeleton (D:5)
  10 giant cockroaches
  16 hobgoblins
  20 jackals
  19 quokkas
  A ball python (D:3)
  19 bats
  9 giant newts
  3 giant spores
  21 goblins
  3 goblin zombies (D:9)
  2 hobgoblin skeletons (D:9)
  3 hobgoblin zombies (D:9)
  A jackal skeleton (D:5)
  A jackal zombie (D:8)
  13 kobolds
  4 orc skeletons (D:9)
  14 orc zombies
  14 rats
  6 ballistomycetes
  3 fungi
  A plant (Lair:6)
1728 creatures vanquished.

Vanquished Creatures (collateral kills)
  2 adders
  5 river rats
  A bat (D:1)
  2 jackals (D:1)
  A fungus (D:8)
  2 plants (D:8)
13 creatures vanquished.

Vanquished Creatures (others)
  A spiny frog (Swamp:4)
  A komodo dragon (Lair:7)
  2 humans (Spider:3)
  A deep elf fighter (Elf:2)
  6 insubstantial wisps
  A swamp drake (Swamp:5)
  An ogre (D:8)
  A phantom (Swamp:5)
  An adder (Lair:7)
  A shadow imp (D:8)
  A giant spore (D:11)
  2 ballistomycetes (D:11)
  28 fungi
  14 plants
61 creatures vanquished.

Grand Total: 1802 creatures vanquished

Notes
Turn   | Place    | Note
--------------------------------------------------------------
     0 | D:1      | faibistes, the Deep Elf Wizard, began the quest for the Orb.
     0 | D:1      | Reached XP level 1. HP: 10/10 MP: 6/6
   461 | D:1      | Reached XP level 2. HP: 15/15 MP: 2/10
   465 | D:1      | Learned a level 2 spell: Blink
   468 | D:1      | Learned a level 2 spell: Call Imp
   991 | D:1      | Reached skill level 5 in Spellcasting
  1133 | D:2      | Reached XP level 3. HP: 16/19 MP: 11/14
  1138 | D:2      | Learned a level 3 spell: Conjure Flame
  1142 | D:2      | Learned a level 3 spell: Mephitic Cloud
  1991 | D:2      | Reached XP level 4. HP: 12/24 MP: 4/17
  2157 | D:2      | Found a glowing silver altar of Zin.
  2227 | D:2      | Learned a level 2 spell: Repel Missiles
  2700 | D:2      | Gained mutation: You have a somewhat thin skeletal structure (Dex +2, Stealth). [potion of beneficial mutation]
  2776 | D:2      | Found an opulent altar of Gozag.
  2932 | D:3      | Found a snail-covered altar of Cheibriados.
  2985 | D:4      | Found a blossoming altar of Fedhas.
  3238 | D:4      | Reached skill level 6 in Spellcasting
  3238 | D:4      | Reached XP level 5. HP: 28/28 MP: 14/20
  3598 | D:4      | Noticed an ogre
  3608 | D:4      | Killed an ogre
  3608 | D:4      | Reached XP level 6. HP: 26/32 MP: 12/22
  4033 | D:5      | Entered Level 5 of the Dungeon
  4187 | D:4      | You fall through a shaft for 3 floors!
  4243 | D:7      | Reached skill level 7 in Spellcasting
  4353 | D:6      | Learned a level 3 spell: Stone Arrow
  4543 | D:6      | Noticed Ijyb
  4550 | D:6      | Killed Ijyb
  4620 | D:6      | Reached skill level 1 in Fighting
  4701 | D:6      | Reached skill level 5 in Dodging
  4701 | D:6      | Reached XP level 7. HP: 35/38 MP: 16/25
  5239 | D:5      | Reached skill level 8 in Spellcasting
  5846 | D:4      | Reached skill level 1 in Evocations
  6245 | D:5      | Reached XP level 8. HP: 45/45 MP: 11/27
  6697 | D:5      | Reached skill level 9 in Spellcasting
  6931 | D:5      | Noticed a water moccasin
  6945 | D:5      | Killed a water moccasin
  7486 | D:5      | Noticed a water moccasin
  7493 | D:5      | Killed a water moccasin
  7840 | D:6      | Noticed Sigmund
  7849 | D:6      | Killed Sigmund
  7922 | D:6      | Reached skill level 10 in Spellcasting
  8086 | D:5      | Found a burning altar of Makhleb.
  8324 | D:6      | Reached XP level 9. HP: 52/52 MP: 7/30
  8664 | D:6      | Noticed a yak
  8664 | D:6      | Noticed a yak
  8665 | D:6      | Noticed a yak
  8665 | D:6      | Noticed a yak
  8668 | D:6      | Noticed a yak
  8668 | D:6      | Noticed a yak
  8669 | D:6      | Killed a yak
  8673 | D:6      | Killed a yak
  8677 | D:6      | Killed a yak
  8677 | D:6      | Reached skill level 5 in Fighting
  8678 | D:6      | Killed a yak
  8683 | D:6      | Killed a yak
  8683 | D:6      | Reached skill level 11 in Spellcasting
  8683 | D:6      | Killed a yak
  8829 | D:6      | Reached skill level 5 in Evocations
  9644 | D:7      | Noticed a centaur zombie
  9714 | D:7      | Killed a centaur zombie
  9821 | D:7      | Noticed a hungry ghost
  9829 | D:7      | Killed a hungry ghost
  9829 | D:7      | Reached XP level 10. HP: 58/60 MP: 20/32
 10169 | D:7      | Found a staircase to the Ecumenical Temple.
 10183 | Temple   | Entered the Ecumenical Temple
 10191 | Temple   | Became a worshipper of Sif Muna the Loreminder
 10396 | D:10     | Entered Level 10 of the Dungeon
 10517 | D:8      | Found a staircase to the Lair.
 10522 | D:8      | Reached skill level 1 in Fire Magic
 10548 | D:8      | Reached skill level 1 in Earth Magic
 10792 | D:8      | Found a shimmering altar of Xom.
 10841 | D:8      | Reached skill level 1 in Air Magic
 11504 | D:9      | Noticed Erolcha
 11521 | D:9      | Killed Erolcha
 11521 | D:9      | Acquired Sif Muna's first power
 11521 | D:9      | Reached skill level 12 in Spellcasting
 11521 | D:9      | Reached skill level 1 in Poison Magic
 12027 | D:8      | Found a shattered altar of Ashenzari.
 12393 | D:9      | Reached skill level 5 in Conjurations
 12522 | Lair:1   | Entered Level 1 of the Lair of Beasts
 12536 | Lair:1   | Acquired Sif Muna's second power
 12606 | Lair:1   | Found a labyrinth entrance.
 12620 | Lair:1   | Learned a level 4 spell: Petrify
 12764 | Lair:2   | Noticed a six-headed hydra
 12775 | Lair:2   | Killed a six-headed hydra
 12775 | Lair:2   | Reached skill level 1 in Charms
 12775 | Lair:2   | Reached skill level 1 in Transmutations
 12775 | Lair:2   | Reached skill level 1 in Invocations
 13202 | Lair:2   | Reached XP level 11. HP: 64/64 MP: 24/34
 13495 | Lair:1   | You fall through a shaft!
 13504 | Lair:2   | Noticed a five-headed hydra
 13519 | Lair:2   | Killed a five-headed hydra
 13625 | Lair:2   | Got a polished spear
 13626 | Lair:2   | Identified the +8 spear "Jyneb" {holy, Dex+5} (You found it on level 2 of the Lair of Beasts)
 13711 | Lair:1   | Noticed a four-headed hydra
 13722 | Lair:1   | Killed a four-headed hydra
 13954 | Lair:2   | Noticed a five-headed hydra
 13960 | Lair:2   | Killed a five-headed hydra
 14543 | Lair:2   | Noticed a fire crab
 14565 | Lair:2   | Killed a fire crab
 15111 | Lair:3   | Noticed an elephant
 15112 | Lair:3   | Noticed an elephant
 15113 | Lair:3   | Noticed an elephant
 15117 | Lair:3   | Noticed an elephant
 15120 | Lair:3   | Noticed an elephant
 15120 | Lair:3   | Noticed an elephant
 15125 | Lair:3   | Killed an elephant
 15489 | Lair:3   | Reached skill level 13 in Spellcasting
 15517 | Lair:3   | Reached skill level 5 in Earth Magic
 15687 | Lair:3   | Found a hole to the Spider Nest.
 16001 | Lair:3   | Killed an elephant
 16001 | Lair:3   | Acquired Sif Muna's third power
 16114 | Lair:3   | Killed an elephant
 16295 | Lair:3   | Killed an elephant
 16295 | Lair:3   | Reached skill level 5 in Fire Magic
 16308 | Lair:3   | Killed an elephant
 16308 | Lair:3   | Reached XP level 12. HP: 69/71 MP: 12/35
 16310 | Lair:3   | Killed an elephant
 17888 | Lair:4   | Reached skill level 5 in Invocations
 18630 | Lair:5   | Reached skill level 5 in Charms
 18752 | Lair:4   | Found a staircase to the Swamp.
 19155 | Lair:4   | Noticed a six-headed hydra
 19175 | Lair:4   | Killed a six-headed hydra
 20056 | Lair:5   | Reached skill level 14 in Spellcasting
 20880 | Lair:5   | Reached XP level 13. HP: 64/76 MP: 12/37
 20884 | Lair:5   | Received a gift from Sif Muna
 20885 | Lair:5   | Identified Thoitilo's Collected Works on Ashen Conjuration (Sif Muna gifted it to you on level 5 of the Lair of Beasts)
 21036 | Lair:5   | Learned a level 6 spell: Iron Shot
 21040 | Lair:5   | Learned a level 3 spell: Dazzling Spray
 21064 | Lair:5   | Reached skill level 5 in Translocations
 22005 | Lair:6   | Reached skill level 10 in Dodging
 23681 | Lair:8   | Entered Level 8 of the Lair of Beasts
 24140 | Lair:7   | Found a staircase to the Slime Pits.
 24805 | Lair:7   | Got a brightly glowing flail
 24806 | Lair:7   | Identified the +0 flail "Gufaqiosm" {flame, MR+ Int+3} (You found it on level 7 of the Lair of Beasts)
 24850 | Lair:7   | Received a gift from Sif Muna
 24853 | Lair:7   | Identified Sif Muna's Disquisition on the Traveller (Sif Muna gifted it to you on level 7 of the Lair of Beasts)
 24946 | Lair:7   | Noticed a catoblepas
 24959 | Lair:7   | Killed a catoblepas
 25219 | Lair:7   | Noticed a five-headed hydra
 25229 | Lair:7   | Killed a five-headed hydra
 25639 | Lair:7   | Reached XP level 14. HP: 31/82 MP: 18/38
 25965 | Lair:8   | Reached skill level 15 in Spellcasting
 26093 | Lair:7   | Noticed a four-headed hydra
 26104 | Lair:7   | Killed a four-headed hydra
 28876 | Lair:8   | Received a gift from Sif Muna
 28884 | Lair:8   | Learned a level 5 spell: Bolt of Magma
 29289 | Lair:8   | Noticed a dire elephant
 29302 | Lair:8   | Killed a dire elephant
 29885 | Lair:2   | Learned a level 6 spell: Haste
 29895 | Lair:2   | Learned a level 6 spell: Deflect Missiles
 30073 | D:9      | Found Tiusch's Antique Armour Shop.
 30082 | D:9      | Bought an ichor-stained robe for 125 gold pieces
 30092 | D:9      | Identified the cursed -5 robe of the Abyss {rCorr Int+7 Dex+3} (You bought it in a shop on level 9 of the Dungeon)
 30480 | D:9      | Found a staircase to the Orcish Mines.
 31301 | D:9      | Noticed Eustachio
 31304 | D:9      | Killed Eustachio
 31833 | Orc:1    | Entered Level 1 of the Orcish Mines
 32932 | Orc:4    | Entered Level 4 of the Orcish Mines
 32943 | Orc:3    | Found Beerphoa's Gadget Shoppe.
 32943 | Orc:3    | Found Fruoruen's Gadget Shop.
 34327 | Orc:3    | Found Ryamoiz's Magic Scroll Shop.
 34394 | Orc:3    | Bought a phial of floods for 440 gold pieces
 34404 | Orc:3    | Bought a scroll of blinking for 82 gold pieces
 34404 | Orc:3    | Bought a scroll of blinking for 82 gold pieces
 34404 | Orc:3    | Bought a scroll of amnesia for 38 gold pieces
 34404 | Orc:3    | Bought a scroll of enchant weapon for 82 gold pieces
 35103 | Orc:3    | Found a staircase to the Elven Halls.
 36305 | Orc:4    | Found a shimmering altar of Xom.
 36775 | Orc:4    | Reached XP level 15. HP: 80/88 MP: 7/39
 38061 | Orc:4    | Found Idetoud's Distillery.
 38065 | Orc:4    | Found Ywud's Food Shoppe.
 38069 | Orc:4    | Bought a potion of might for 60 gold pieces
 38070 | Orc:4    | Found Schicw's Magic Scroll Shoppe.
 38072 | Orc:4    | Found Idaef's Gadget Boutique.
 38079 | Orc:4    | Bought a scroll of teleportation for 42 gold pieces
 38079 | Orc:4    | Bought a scroll of recharging for 133 gold pieces
 38084 | Orc:4    | Bought a wand of teleportation (3) for 231 gold pieces
 38145 | Orc:4    | Bought a potion of beneficial mutation for 525 gold pieces
 38147 | Orc:4    | Gained mutation: You have sharp toenails. [potion of beneficial mutation]
 38642 | Elf:1    | Entered Level 1 of the Elven Halls
 38725 | Elf:1    | Reached skill level 10 in Earth Magic
 38901 | Elf:1    | Received a gift from Sif Muna
 38902 | Elf:1    | Identified Sif Muna's Incunabulum of Conjuration (Sif Muna gifted it to you on level 1 of the Elven Halls)
 39243 | Elf:1    | Reached skill level 16 in Spellcasting
 39464 | Elf:1    | Noticed Fannar
 39471 | Elf:1    | Killed Fannar
 39986 | Elf:1    | Reached skill level 10 in Fire Magic
 40514 | Elf:1    | Reached skill level 10 in Conjurations
 41124 | Elf:2    | Found a huge runed gate.
 41124 | Elf:2    | Found a huge runed gate.
 41126 | Elf:2    | Found a huge runed gate.
 41194 | Elf:2    | Reached skill level 1 in Staves
 42809 | Elf:2    | Reached skill level 10 in Invocations
 43034 | Elf:2    | Noticed a deep elf blademaster
 43052 | Elf:2    | Killed a deep elf blademaster
 43052 | Elf:2    | Received a gift from Sif Muna
 43056 | Elf:2    | Identified Sif Muna's Incunabulum of Flamy Attacks (Sif Muna gifted it to you on level 2 of the Elven Halls)
 43098 | Elf:2    | Learned a level 5 spell: Iskenderun's Battlesphere
 43211 | Elf:2    | Reached XP level 16. HP: 71/94 MP: 34/40
 43990 | Swamp:1  | Entered Level 1 of the Swamp
 44992 | Swamp:1  | Reached skill level 10 in Charms
 46076 | Spider:1 | Entered Level 1 of the Spider Nest
 46725 | Spider:1 | Reached skill level 17 in Spellcasting
 47895 | Spider:1 | Lost strength.
 48326 | Swamp:2  | Received a gift from Sif Muna
 48433 | Lair:2   | Learned a level 6 spell: Bolt of Fire
 48439 | Lair:2   | Learned a level 4 spell: Iskenderun's Mystic Blast
 51900 | Spider:2 | Reached XP level 17. HP: 61/99 MP: 39/42
 52178 | Spider:2 | You fall through a shaft!
 54432 | Spider:3 | Noticed Kirke
 54435 | Spider:3 | Killed Kirke
 55210 | Spider:5 | Entered Level 5 of the Spider Nest
 55424 | Spider:5 | Reached skill level 18 in Spellcasting
 55937 | Spider:3 | Received a gift from Sif Muna
 55944 | Spider:3 | Learned a level 4 spell: Force Lance
 57493 | Swamp:5  | Entered Level 5 of the Swamp
 61675 | D:10     | Found a glowing golden altar of the Shining One.
 61782 | D:10     | Killed an unseen horror
 62139 | D:10     | Noticed a hill giant
 62143 | D:10     | Killed a hill giant
 62428 | D:10     | Noticed a hill giant
 62432 | D:10     | Killed a hill giant
 62783 | D:11     | Noticed a cyclops
 62789 | D:11     | Killed a cyclops
 63024 | D:11     | Noticed a cyclops
 63028 | D:11     | Killed a cyclops
 63083 | D:11     | Noticed a four-headed hydra
 63088 | D:11     | Killed a four-headed hydra
 63167 | D:11     | Noticed a hill giant
 63169 | D:11     | Killed a hill giant
 63170 | D:11     | Noticed a hill giant
 63172 | D:11     | Killed a hill giant
 63420 | D:11     | Noticed a hill giant
 63423 | D:11     | Killed a hill giant
 63694 | D:11     | Noticed a six-headed hydra
 63698 | D:11     | Killed a six-headed hydra
 63700 | D:11     | Noticed a hill giant
 63706 | D:11     | Killed a hill giant
 63707 | D:11     | Noticed a fire dragon
 63718 | D:11     | Killed a fire dragon
 64327 | D:11     | Found Stesee's Antique Armour Emporium.
 64330 | D:11     | Bought a pair of runed gloves for 148 gold pieces
 64642 | D:11     | Identified a +5 rod of destruction (13/13) (You found it on level 11 of the Dungeon)
 65066 | D:12     | Noticed a deep elf knight
 65068 | D:12     | Noticed a deep elf knight
 65069 | D:12     | Killed a deep elf knight
 65076 | D:12     | Noticed a deep elf knight
 65076 | D:12     | Killed a deep elf knight
 65076 | D:12     | Received a gift from Sif Muna
 65087 | D:12     | Killed a deep elf knight
 65087 | D:12     | Reached XP level 18. HP: 106/106 MP: 22/43
 65136 | D:12     | Noticed a deep elf knight
 65138 | D:12     | Killed a deep elf knight
 65259 | D:12     | Identified Sif Muna's Tome of Blistering Conjuration (Sif Muna gifted it to you on level 12 of the Dungeon)
 65547 | D:12     | Noticed a hill giant
 65554 | D:12     | Killed a hill giant
 65984 | D:12     | Noticed a deep elf conjurer
 65987 | D:12     | Killed a deep elf conjurer
 67182 | D:13     | Gained mutation: You are somewhat resistant to further mutation. [potion of beneficial mutation]
 68490 | D:14     | Found a white marble altar of Elyvilon.
 68559 | D:15     | Entered Level 15 of the Dungeon
 69118 | D:14     | Reached skill level 19 in Spellcasting
 69847 | D:14     | Found a gate to the Vaults.
 70292 | D:14     | Found a burning altar of Makhleb.
 70879 | D:15     | Found a staircase to the Depths.
 71468 | D:15     | Received a gift from Sif Muna
 71472 | D:15     | Identified Coink's Compendium of the Escort (Sif Muna gifted it to you on level 15 of the Dungeon)
 74201 | Swamp:5  | Reached skill level 10 in Fighting
 74494 | Swamp:5  | Noticed a bone dragon
 74501 | Swamp:5  | Killed a bone dragon
 74711 | Swamp:5  | Got a decaying rune of Zot
 75239 | Lair:2   | Learned a level 6 spell: Freezing Cloud
 75612 | Orc:3    | Bought a wand of invisibility (4) for 88 gold pieces
 76373 | Spider:5 | HP: 4/107 [poisoned by a ghost moth]
 76377 | Spider:5 | Slain by a ghost moth

Action                   |  1- 3 |  4- 6 |  7- 9 | 10-12 | 13-15 | 16-18 || total
-------------------------+-------+-------+-------+-------+-------+-------++-------
Melee: Unarmed           |     5 |       |       |       |       |       ||     5
       Short sword       |     8 |     8 |    56 |   261 |   329 |       ||   662
       Trident           |       |       |    30 |       |       |       ||    30
       Staff             |       |       |       |       |     3 |    45 ||    48
 Cast: Magic Dart        |    72 |   159 |   159 |   229 |   346 |   148 ||  1113
       Call Imp          |     6 |     1 |       |       |       |       ||     7
       Blink             |     6 |     4 |     8 |     8 |    13 |    21 ||    60
       Mephitic Cloud    |     7 |     9 |    28 |    67 |    80 |    12 ||   203
       Repel Missiles    |       |     1 |       |     1 |       |       ||     2
       Conjure Flame     |       |     5 |    26 |   129 |   200 |       ||   360
       Stone Arrow       |       |       |    63 |   185 |   146 |    11 ||   405
       Petrify           |       |       |       |     5 |     4 |       ||     9
       Dazzling Spray    |       |       |       |       |   152 |    24 ||   176
       Bolt of Magma     |       |       |       |       |   228 |    46 ||   274
       Iron Shot         |       |       |       |       |    49 |   156 ||   205
       Deflect Missiles  |       |       |       |       |     6 |     4 ||    10
       Iskenderun's Batt |       |       |       |       |     1 |    69 ||    70
       Bolt of Fire      |       |       |       |       |       |   591 ||   591
       Iskenderun's Myst |       |       |       |       |       |   125 ||   125
       Haste             |       |       |       |       |       |     2 ||     2
       Force Lance       |       |       |       |       |       |    57 ||    57
       Freezing Cloud    |       |       |       |       |       |     2 ||     2
Invok: Channel Energy    |       |       |       |    11 |    74 |   181 ||   266
       Forget Spell      |       |       |       |       |     1 |       ||     1
Evoke: Wand              |       |       |     2 |     1 |     7 |     3 ||    13
  Use: Potion            |     1 |     1 |       |     2 |     7 |    17 ||    28
       Scroll            |       |     8 |    13 |    15 |    14 |    23 ||    73
 Stab: Sleeping          |     2 |       |     1 |     2 |     1 |       ||     6
       Confused          |       |       |     2 |    15 |    11 |       ||    28
       Petrifying        |       |       |       |     2 |     1 |       ||     3
       Petrified         |       |       |       |     1 |     2 |       ||     3
       Invisible         |       |       |       |       |    10 |       ||    10
       Fleeing           |       |       |       |       |     1 |       ||     1
  Eat: Chunk             |     3 |     8 |    15 |    32 |    62 |    77 ||   197
       Fruit             |       |       |     1 |     4 |    22 |     7 ||    34
       Pizza             |       |       |       |       |     3 |     2 ||     5
       Beef jerky        |       |       |       |       |       |    13 ||    13
       Royal jelly       |       |       |       |       |       |    12 ||    12
